 Dungeon Crawl Stone Soup version 0.22-a0-268-g1cc83ef (webtiles) character file.

35 KristoblXynda the Slasher (level 3, -4/29 HPs)
             Began as a Draconian Gladiator on Mar 9, 2018.
             Slain by a sky beast (5 damage)
             ... on level 2 of the Dungeon.
             The game lasted 00:02:26 (1031 turns).

KristoblXynda the Slasher (Draconian Gladiator)     Turns: 1031, Time: 00:02:27

Health: -4/29      AC:  6    Str: 16    XL:     3   Next: 17%
Magic:  3/3        EV: 12    Int:  9    God:
Gold:   62         SH:  3    Dex: 12    Spells: 2/2 levels left

rFire    + . .     SeeInvis .   a - +0 long sword
rCold    . . .     Gourm    .   n - +0 buckler
rNeg     + . .     Faith    .   (armour unavailable)
rPois    .         Spirit   .   b - +0 hat
rElec    .         Reflect  .   m - +0 cloak
rCorr    .         Harm     .   (no gloves)
MR       .....                  (no boots)
Stlth    +.........             (no amulet)
HPRegen  0.09/turn              r - ring of protection from fire
MPRegen  0.08/turn              f - ring of positive energy

@: hasted, very quick
A: unfitting armour, cold-blooded, AC +5
a: no special abilities


You were on level 2 of the Dungeon.
You were hungry.

You visited 1 branch of the dungeon, and saw 2 of its levels.

You collected 62 gold pieces.

Inventory:

Hand Weapons
 a - a +0 long sword (weapon)
Missiles
 c - 2 throwing nets (quivered)
Armour
 b - a +0 hat (worn)
 m - a +0 cloak (worn)
 n - a +0 buckler (worn)
Jewellery
 f - a ring of positive energy (right hand)
 o - an uncursed amulet of the acrobat {unknown}
 r - a ring of protection from fire (left hand)
Scrolls
 e - a scroll of identify {unknown}
 h - a scroll of remove curse
 i - a scroll of teleportation {unknown}
 j - a scroll of fear {unknown}
 k - a scroll of fog {unknown}
 q - a scroll of enchant armour {unknown}
 t - a scroll of enchant weapon {unknown}
Potions
 p - a potion of agility {unknown}
Comestibles
 d - 4 rations
 s - 2 chunks of flesh


   Skills:
 - Level 2.1 Fighting
 * Level 3.8 Long Blades
 - Level 2.0 Throwing
 + Level 3.1 Dodging


You had 2 spell levels left.
You didn't know any spells.

Dungeon Overview and Level Annotations

Branches:
Dungeon (2/15)

Altars:


Innate Abilities, Weirdness & Mutations

Your plain brown scales are hard. (AC +5)
You cannot fit into any form of body armour.
You are cold-blooded and may be slowed by cold attacks.


Message History

You barely miss something. Something hits you but does no damage.
You barely miss something.
Something hits you but does no damage. x2
You miss something. You block something's attack.
You hit something. Something hits you. Something shocks you.
You are feeling hungry.
You miss something.
Your tail-slap misses something.
You block something's attack.
You closely miss something. Something hits you but does no damage.
You miss something.
Something hits you but does no damage. x2
You miss something. You tail-slap something. Something hits you.
Something shocks you.
* * * LOW HITPOINT WARNING * * *
You closely miss something. Something hits you but does no damage.
Unknown command.
It was a potion of haste.
You feel yourself speed up. Something barely misses you.
It was a potion of magic.
Magic courses through your body. Something hits you.
* * * LOW HITPOINT WARNING * * *
Something shocks you.
You die...

.......#########
#.###..........#
#.# ##.#######.#
#.# #.# #.# #.#
#.# #.# #.# #.#
#.### #†# #.#
#...# #.####.#
###<# #.#....#
#@# #.#.#### #{#
#.#.# #.# ..#.#
#.# ###.# #.# #
#.####### #.# #
#...<...# #.#
#######.### #.#
#######.....#


There were no monsters in sight!

Vanquished Creatures
  An adder (D:2)
  A worm (D:2)
  A dart slug (D:2)
  8 bats
  A giant cockroach (D:2)
  A goblin (D:2)
  2 hobgoblins (D:2)
  3 jackals (D:2)
  3 frilled lizards
  2 rats (D:1)
23 creatures vanquished.

Notes
Turn   | Place    | Note
-------+----------+-------------------------------------------
     0 | D:1      | KristoblXynda the Draconian Gladiator began the quest for the Orb.
     0 | D:1      | Reached XP level 1. HP: 17/17 MP: 1/1
   655 | D:2      | Reached XP level 2. HP: 24/24 MP: 2/2
   810 | D:2      | Reached XP level 3. HP: 21/29 MP: 3/3
  1008 | D:2      | Noticed a sky beast
  1031 | D:2      | HP: 1/29 [something (3)]
  1031 | D:2      | Slain by a sky beast

Vault maps used:
D:1:      lemuel_arrival_rhombus
D:2:      first_ration, uniq_natasha

Skill      XL: |  1  2 |
---------------+-------+-----
Throwing       | 2 |  2.0
Dodging        | 3 |  3.1
Fighting       | |  2.1
Long Blades    | |  3.8

Action                   || total
-------------------------++-------
Melee: Long sword        ||    75
       Tailslap          ||    11
Throw: Throwing net      ||     1
  Use: Potion            ||     2
       Scroll            ||     1
 Stab: Sleeping          ||     2
Armor: Skin              ||    33
Dodge: Dodged            ||    49
Block: Buckler           ||    13
       Rpst.: Long sword ||    21

Table legend:
 A = Spawn XP
 B = Non-spawn XP
 C = Spawn XP percentage of total XP
 D = Spawn monster count
 E = Non-spawn monster count
 F = Spawn count percentage of total count
 G = Total turns spent on level
                    A         B        C        D         E        F      G
               +---------+---------+-------+---------+---------+-------+---------
         Total |       0 |      51 |   0.0 |       0 |      23 |   0.0 |  1031
               +---------+---------+-------+---------+---------+-------+---------
           D:1 |       0 |       6 |   0.0 |       0 |       5 |   0.0 |   637
           D:2 |       0 |      45 |   0.0 |       0 |      18 |   0.0 |   394
               +---------+---------+-------+---------+---------+-------+---------
